AoeStats
← 火枪

Arabia

506071232Analyzed
2v2 RM · 19d ago on Sep 12, 2026· 30m 52s· 4 players
Game mode
Random Map
Map size
Medium (4 player)
Population
200
Speed
Normal
Resources
Standard
Victory
Conquest
Starting age
Dark Age
Ending age
Imperial Age
RankedLock teamsTeams togetherTeam positionsShared explorationLock speedFull tech treeHidden civsTurbo modeCheats
Victory
Defeat
🇨🇦 Magyars · Canada
1097
+14
🇨🇦 Franks · Canada
1097
+14
🇨🇱 Vietnamese · Chile
1080
-15
🇨🇳 Ethiopians · China
1034
-13
Gwyn
7:12 Loom
9:16 Feudal Age
9:57 Double-Bit Axe
19:44 Castle Age
17:46 Horse Collar
18:05 Gold Mining
19:55 Fletching
20:01 Crossbowman
21:13 Bow Saw
21:07 Heavy Plow
22:57 Bodkin Arrow
23:56 Wheelbarrow
火枪
8:26 Loom
10:20 Feudal Age
15:11 Fletching
24:32 Castle Age
22:58 Horse Collar
23:30 Double-Bit Axe
25:11 Bodkin Arrow
24:51 Crossbowman
26:28 Bow Saw
26:10 Town Watch
28:40 Heavy Plow
BigDog 420 Xo
10:11 Feudal Age
10:38 Loom
11:06 Double-Bit Axe
14:21 Horse Collar
20:41 Castle Age
23:34 Gold Mining
23:39 Stone Mining
24:57 Bow Saw
25:44 Gold Mining
30:22 Thumb Ring
30:47 Fletching
31:04 Scale Barding Armor
42afurnace
8:58 Loom
11:24 Feudal Age
19:21 Castle Age
18:31 Scale Barding Armor
19:53 Forging
22:53 Chain Barding Armor
23:13 Husbandry
29:13 Forging
Connection lost

Rejoining the realm…

Still unreachable

The connection could not be restored.

Session expired

The server has moved on; the page needs a fresh start.